| TOP OF THE 1ST |
|
San Antonio Missions batting - Pitching for Colorado (EL) Rockies : RHP Rich Reinbolt
|
|
Pitching: RHP Rich Reinbolt
|
|
|
Batting: LHB Sammy Roddenberry
|
0-0: Fly out, F7 (Line Drive, 7, EV 91.2 MPH)
|
|
Batting: SHB Devin Hottenstein
|
0-0: SINGLE (Groundball, 3D, EV 108.8 MPH)
|
|
Batting: RHB Wally Cangro
|
0-0: Ground out U3 (Groundball, 3L, EV 108.8 MPH) Devin Hottenstein to second
|
|
Batting: LHB Javy Portela
|
0-0: Called Strike 0-1: Ball 1-1: Hit by Pitch
|
|
Batting: RHB Joe Weissman
|
0-0: Ball 1-0: Called Strike 1-1: Fly out, F8 (Flyball, 8RS, EV 93.8 MPH)
|
| Top of the 1st over - 0 runs, 1 hit, 0 errors, 2 left on base; San Antonio 0 - Colorado (EL) 0 |
| BOTTOM OF THE 1ST |
|
Colorado (EL) Rockies batting - Pitching for San Antonio Missions : RHP Andy Dunmire
|
|
Pitching: RHP Andy Dunmire
|
|
|
Batting: RHB Matt Fabre
|
0-0: Ball 1-0: Ball 2-0: Called Strike 2-1: Called Strike 2-2: Ball 3-2: Base on Balls
|
|
Batting: LHB Zack Guillen
|
0-0: Swinging Strike 0-1: Ball 1-1: Ball Wild Pitch! Matt Fabre to second 2-1: Swinging Strike 2-2: Strikes out swinging
|
|
Batting: RHB Ernest Olkowicz
|
0-0: 2-RUN HOME RUN (Flyball, 7LD, EV 94.4 MPH), Distance : 341 ft
|
|
Batting: LHB Eric Ludwig
|
0-0: Swinging Strike 0-1: Swinging Strike 0-2: Ball 1-2: Hit by Pitch
|
|
Batting: RHB Andy Solorzano
|
0-0: Ball 1-0: Ball 2-0: Ball 3-0: Fielders Choice at 2nd, 3-6 (Groundball, 3, EV 103.1 MPH)
|
|
Batting: LHB Ryan Rodgers
|
0-0: Fly out, F5 (Popup, 5SF, EV 89.4 MPH)
|
| Bottom of the 1st over - 2 runs, 1 hit, 0 errors, 1 left on base; San Antonio 0 - Colorado (EL) 2 |
| TOP OF THE 2ND |
|
San Antonio Missions batting - Pitching for Colorado (EL) Rockies : RHP Rich Reinbolt
|
|
Batting: SHB Olaf Zoeteman
|
0-0: Called Strike 0-1: Ball 1-1: Ground out 4-3 (Groundball, 4, EV 83.1 MPH)
|
|
Batting: RHB Gary Hills
|
0-0: Ball 1-0: Called Strike 1-1: Called Strike 1-2: Ball 2-2: SINGLE (Groundball, 56S, EV 65.0 MPH) (infield hit)
|
|
Batting: SHB Mike Kirk
|
0-0: Called Strike 0-1: Ball 1-1: Foul Ball, location: 2F 1-2: Ball 2-2: Strikes out swinging
|
|
Batting: RHB Davey Verhoog
|
0-0: Called Strike 0-1: Foul Ball, location: 2F 0-2: Fielders Choice at 2nd, 6-4 (Groundball, 6, EV 80.0 MPH)
|
| Top of the 2nd over - 0 runs, 1 hit, 0 errors, 1 left on base; San Antonio 0 - Colorado (EL) 2 |
| BOTTOM OF THE 2ND |
|
Colorado (EL) Rockies batting - Pitching for San Antonio Missions : RHP Andy Dunmire
|
|
Batting: RHB Max Schellekens
|
0-0: Ball 1-0: Swinging Strike 1-1: SINGLE (Line Drive, 4D, EV 100.6 MPH)
|
|
Batting: RHB Justin Pellman
|
0-0: Fly out, F3 (Popup, 3L, EV 57.5 MPH)
|
|
Batting: RHB Nick Rang
|
0-0: Foul Ball, location: 2F 0-1: Foul Ball, location: 2F 0-2: Ball 1-2: Foul Ball, location: 2F 1-2: Ball 2-2: Strikes out looking
|
|
Batting: RHB Matt Fabre
|
0-0: Ball 1-0: Ball 2-0: Ball 3-0: Base on Balls Max Schellekens to second
|
|
Batting: LHB Zack Guillen
|
0-0: Called Strike 0-1: Ball 1-1: Swinging Strike 1-2: Strikes out swinging
|
| Bottom of the 2nd over - 0 runs, 1 hit, 0 errors, 2 left on base; San Antonio 0 - Colorado (EL) 2 |
| TOP OF THE 3RD |
|
San Antonio Missions batting - Pitching for Colorado (EL) Rockies : RHP Rich Reinbolt
|
|
Batting: LHB Sammy Roddenberry
|
0-0: Ball 1-0: Ball 2-0: Fly out, F8 (Flyball, 8RM, EV 91.2 MPH)
|
|
Batting: SHB Devin Hottenstein
|
0-0: Ground out U3 (Groundball, 34, EV 106.2 MPH)
|
|
Batting: RHB Wally Cangro
|
0-0: DOUBLE (Flyball, 8RXD, EV 110.0 MPH)
|
|
Batting: LHB Javy Portela
|
0-0: Foul Ball, location: 2F 0-1: DOUBLE (Groundball, 3L, EV 103.8 MPH) Wally Cangro scores
|
|
Batting: RHB Joe Weissman
|
0-0: Called Strike 0-1: Ball 1-1: Swinging Strike 1-2: Foul Ball, location: 2F 1-2: Strikes out swinging
|
| Top of the 3rd over - 1 run, 2 hits, 0 errors, 1 left on base; San Antonio 1 - Colorado (EL) 2 |
| BOTTOM OF THE 3RD |
|
Colorado (EL) Rockies batting - Pitching for San Antonio Missions : RHP Andy Dunmire
|
|
Batting: RHB Ernest Olkowicz
|
0-0: Ball 1-0: Foul Ball, location: 2F 1-1: Ball 2-1: Fly out, F9 (Flyball, 9, EV 96.2 MPH)
|
|
Batting: LHB Eric Ludwig
|
0-0: Swinging Strike 0-1: Called Strike 0-2: SINGLE (Groundball, 34D, EV 110.0 MPH) (infield hit)
|
|
Batting: RHB Andy Solorzano
|
0-0: Called Strike 0-1: Called Strike 0-2: Strikes out looking
|
|
Batting: LHB Ryan Rodgers
|
0-0: Ball 1-0: Called Strike 1-1: Ball Wild Pitch! Eric Ludwig to second 2-1: Foul Ball, location: 2F 2-2: Ball 3-2: Foul Ball, location: 2F 3-2: Strikes out swinging
|
| Bottom of the 3rd over - 0 runs, 1 hit, 0 errors, 1 left on base; San Antonio 1 - Colorado (EL) 2 |
| TOP OF THE 4TH |
|
San Antonio Missions batting - Pitching for Colorado (EL) Rockies : RHP Rich Reinbolt
|
|
Batting: SHB Olaf Zoeteman
|
0-0: Foul Ball, location: 2F 0-1: Foul Ball, location: 2F 0-2: Ball 1-2: Ground out 4-3 (Groundball, 4, EV 103.1 MPH)
|
|
Batting: RHB Gary Hills
|
0-0: Ground out 6-3 (Groundball, 6, EV 100.6 MPH)
|
|
Batting: SHB Mike Kirk
|
0-0: Ground out 6-3 (Groundball, 6MD, EV 103.1 MPH)
|
| Top of the 4th over - 0 runs, 0 hits, 0 errors, 0 left on base; San Antonio 1 - Colorado (EL) 2 |
| BOTTOM OF THE 4TH |
|
Colorado (EL) Rockies batting - Pitching for San Antonio Missions : RHP Andy Dunmire
|
|
Batting: RHB Max Schellekens
|
0-0: Called Strike 0-1: Called Strike 0-2: Strikes out swinging
|
|
Batting: RHB Justin Pellman
|
0-0: Called Strike 0-1: Ball 1-1: Ground out 6-3 (Groundball, 6, EV 85.6 MPH)
|
|
Batting: RHB Nick Rang
|
0-0: Ball 1-0: Foul Ball, location: 2F 1-1: DOUBLE (Flyball, 8LXD, EV 97.5 MPH)
|
|
Batting: RHB Matt Fabre
|
0-0: Foul Ball, location: 2F 0-1: Foul Ball, location: 2F 0-2: Fly out, F7 (Flyball, 7LSF, EV 86.9 MPH)
|
| Bottom of the 4th over - 0 runs, 1 hit, 0 errors, 1 left on base; San Antonio 1 - Colorado (EL) 2 |
| TOP OF THE 5TH |
|
San Antonio Missions batting - Pitching for Colorado (EL) Rockies : RHP Rich Reinbolt
|
|
Batting: RHB Davey Verhoog
|
0-0: Called Strike 0-1: Ball 1-1: Ball 2-1: Ground out 3-1 (Groundball, 34S, EV 81.9 MPH)
|
|
Batting: LHB Sammy Roddenberry
|
0-0: Ball 1-0: Foul Ball, location: 2F 1-1: SINGLE (Groundball, 34D, EV 111.2 MPH)
|
|
Batting: SHB Devin Hottenstein
|
0-0: Called Strike Sammy Roddenberry steals 2nd base 0-1: Called Strike Sammy Roddenberry steals 3rd base 0-2: Strikes out looking
|
|
Batting: RHB Wally Cangro
|
0-0: SINGLE (Groundball, 56D, EV 100.0 MPH) Sammy Roddenberry scores
|
|
Batting: LHB Javy Portela
|
0-0: Called Strike Wally Cangro steals 2nd base (no throw) 0-1: Foul Ball, location: 2F 0-2: Ball 1-2: Ground out 4-3 (Groundball, 4, EV 85.6 MPH)
|
| Top of the 5th over - 1 run, 2 hits, 0 errors, 1 left on base; San Antonio 2 - Colorado (EL) 2 |
| BOTTOM OF THE 5TH |
|
Colorado (EL) Rockies batting - Pitching for San Antonio Missions : RHP Andy Dunmire
|
|
Batting: LHB Zack Guillen
|
0-0: Called Strike 0-1: Called Strike 0-2: Ball 1-2: Foul Ball, location: 2F 1-2: Strikes out swinging
|
|
Batting: RHB Ernest Olkowicz
|
0-0: Ground out 6-3 (Groundball, 6, EV 78.8 MPH)
|
|
Batting: LHB Eric Ludwig
|
0-0: Ball 1-0: Swinging Strike 1-1: SINGLE (Groundball, 4M, EV 77.5 MPH) (infield hit)
|
|
Batting: RHB Andy Solorzano
|
0-0: Ground out 4-3 (Groundball, 34, EV 87.5 MPH)
|
| Bottom of the 5th over - 0 runs, 1 hit, 0 errors, 1 left on base; San Antonio 2 - Colorado (EL) 2 |
| TOP OF THE 6TH |
|
San Antonio Missions batting - Pitching for Colorado (EL) Rockies : RHP Rich Reinbolt
|
|
Batting: RHB Joe Weissman
|
0-0: Ball 1-0: Fly out, F8 (Flyball, 8RXD, EV 100.6 MPH)
|
|
Batting: SHB Olaf Zoeteman
|
0-0: Foul Ball, location: 2F 0-1: Called Strike 0-2: Strikes out swinging
|
|
Batting: RHB Gary Hills
|
0-0: Foul Ball, location: 2F 0-1: SINGLE (Groundball, 56D, EV 96.2 MPH)
|
|
Batting: SHB Mike Kirk
|
0-0: Ball 1-0: Ball 2-0: Called Strike 2-1: Foul Ball, location: 2F 2-2: Foul Ball, location: 2F 2-2: Strikes out swinging
|
| Top of the 6th over - 0 runs, 1 hit, 0 errors, 1 left on base; San Antonio 2 - Colorado (EL) 2 |
| BOTTOM OF THE 6TH |
|
Colorado (EL) Rockies batting - Pitching for San Antonio Missions : RHP Andy Dunmire
|
|
Batting: LHB Ryan Rodgers
|
0-0: Ball 1-0: Ground out 4-3 (Groundball, 4, EV 101.9 MPH)
|
|
Batting: RHB Max Schellekens
|
0-0: Ball 1-0: Ball 2-0: SINGLE (Groundball, 34D, EV 103.1 MPH)
|
|
Batting: RHB Justin Pellman
|
0-0: Ball 1-0: Swinging Strike 1-1: Ball 2-1: Called Strike 2-2: Strikes out looking
|
|
Batting: RHB Nick Rang
|
0-0: Ball 1-0: Called Strike 1-1: Foul Ball, location: 2F 1-2: Foul Ball, location: 2F 1-2: Strikes out swinging
|
| Bottom of the 6th over - 0 runs, 1 hit, 0 errors, 1 left on base; San Antonio 2 - Colorado (EL) 2 |
| TOP OF THE 7TH |
|
San Antonio Missions batting - Pitching for Colorado (EL) Rockies : RHP Rich Reinbolt
|
|
Batting: RHB Davey Verhoog
|
0-0: Called Strike 0-1: Ball 1-1: Swinging Strike 1-2: Strikes out swinging
|
|
Batting: LHB Sammy Roddenberry
|
0-0: Called Strike 0-1: DOUBLE (Groundball, 3L, EV 95.0 MPH)
|
|
Batting: SHB Devin Hottenstein
|
0-0: Intentional Walk
|
|
Batting: RHB Wally Cangro
|
0-0: Ball Sammy Roddenberry steals 3rd base 1-0: Called Strike 1-1: Fly out, F9 (Flyball, 9, EV 93.8 MPH)
|
|
Batting: LHB Javy Portela
|
0-0: Called Strike 0-1: Foul Ball, location: 2F 0-2: Ball 1-2: Ball 2-2: Ball 3-2: Strikes out looking
|
| Top of the 7th over - 0 runs, 1 hit, 0 errors, 2 left on base; San Antonio 2 - Colorado (EL) 2 |
| BOTTOM OF THE 7TH |
|
Colorado (EL) Rockies batting - Pitching for San Antonio Missions : RHP Andy Dunmire
|
|
Batting: RHB Matt Fabre
|
0-0: Ball 1-0: Swinging Strike 1-1: Swinging Strike 1-2: Foul Ball, location: 2F 1-2: Ball 2-2: Strikes out swinging
|
|
Pitching: RHP Tony Delgado
|
|
|
Batting: LHB Zack Guillen
|
0-0: Ball 1-0: DOUBLE (Groundball, 3L, EV 105.0 MPH)
|
|
Batting: RHB Ernest Olkowicz
|
0-0: Called Strike Zack Guillen steals 3rd base 0-1: Ball 1-1: 2-RUN HOME RUN (Flyball, 7LD, EV 93.1 MPH), Distance : 330 ft
|
|
Batting: LHB Eric Ludwig
|
0-0: Ball 1-0: Ball 2-0: Called Strike 2-1: Ball 3-1: Swinging Strike 3-2: Base on Balls
|
|
Batting: RHB Andy Solorzano
|
0-0: Ball 1-0: Ball Eric Ludwig steals 2nd base 2-0: Ball 3-0: Base on Balls
|
|
Batting: LHB Ryan Rodgers
|
0-0: Called Strike 0-1: SINGLE (Groundball, 56D, EV 110.0 MPH) Eric Ludwig to third Andy Solorzano to second
|
|
Batting: RHB Max Schellekens
|
0-0: Ball 1-0: Ball 2-0: Called Strike 2-1: Swinging Strike 2-2: Grounds into double play, 6-2-3 (Groundball, 6, EV 82.5 MPH)
|
| Bottom of the 7th over - 2 runs, 3 hits, 0 errors, 2 left on base; San Antonio 2 - Colorado (EL) 4 |
| TOP OF THE 8TH |
|
San Antonio Missions batting - Pitching for Colorado (EL) Rockies : RHP Rich Reinbolt
|
|
Batting: RHB Joe Weissman
|
0-0: Ball 1-0: Ground out 6-3 (Groundball, 56D, EV 103.1 MPH)
|
|
Batting: SHB Olaf Zoeteman
|
0-0: Ball 1-0: Ground out 4-3 (Groundball, 4, EV 75.6 MPH)
|
|
Batting: RHB Gary Hills
|
0-0: Swinging Strike 0-1: Foul Ball, location: 2F 0-2: Foul Ball, location: 2F 0-2: Ball 1-2: Ball 2-2: Foul Ball, location: 2F 2-2: Fly out, F8 (Flyball, 8RM, EV 96.2 MPH)
|
| Top of the 8th over - 0 runs, 0 hits, 0 errors, 0 left on base; San Antonio 2 - Colorado (EL) 4 |
| BOTTOM OF THE 8TH |
|
Colorado (EL) Rockies batting - Pitching for San Antonio Missions : RHP Tony Delgado
|
|
Pitching: RHP Jason Barlow
|
|
|
Batting: RHB Justin Pellman
|
0-0: Ball 1-0: Foul Ball, location: 2F 1-1: Foul Ball, location: 2F 1-2: Ball 2-2: Fly out, F8 (Flyball, 8LXD, EV 106.2 MPH)
|
|
Batting: RHB Nick Rang
|
0-0: Ball 1-0: Ground out 5-3 (Groundball, 56, EV 108.1 MPH)
|
|
Batting: RHB Matt Fabre
|
0-0: SINGLE (Groundball, 4M, EV 78.8 MPH) (infield hit)
|
|
Batting: LHB Zack Guillen
|
0-0: Foul Ball, location: 2F 0-1: Ball Matt Fabre steals 2nd base 1-1: Called Strike 1-2: DOUBLE (Flyball, 8RXD, EV 94.4 MPH) Matt Fabre scores
|
|
Batting: RHB Ernest Olkowicz
|
0-0: Called Strike 0-1: Called Strike 0-2: Ball 1-2: Ball 2-2: Fly out, F9 (Line Drive, 89D, EV 93.8 MPH)
|
| Bottom of the 8th over - 1 run, 2 hits, 0 errors, 1 left on base; San Antonio 2 - Colorado (EL) 5 |
| TOP OF THE 9TH |
|
San Antonio Missions batting - Pitching for Colorado (EL) Rockies : RHP Rich Reinbolt
|
|
Pitching: RHP Dustin Deemer
|
|
|
Batting: SHB Mike Kirk
|
0-0: Called Strike 0-1: Ball 1-1: Swinging Strike 1-2: Foul Ball, location: 2F 1-2: Ball 2-2: Ball 3-2: Foul Ball, location: 2F 3-2: Foul Ball, location: 2F 3-2: Foul Ball, location: 2F 3-2: Foul Ball, location: 2F 3-2: Foul Ball, location: 2F 3-2: Strikes out swinging
|
|
Batting: RHB Davey Verhoog
|
0-0: Called Strike 0-1: Swinging Strike 0-2: Foul Ball, location: 2F 0-2: Strikes out swinging, 2-3 out at first.
|
|
Batting: LHB Sammy Roddenberry
|
0-0: Ground out U3 (Groundball, 3S, EV 70.0 MPH)
|
| Top of the 9th over - 0 runs, 0 hits, 0 errors, 0 left on base; San Antonio 2 - Colorado (EL) 5 |
|